 Dungeon Crawl Stone Soup version 0.28.0-53-g5a82cb258f (webtiles) character file.

Game seed: 1965309684515958737

753 bnorton916 the Magician (level 7, -6/34 (36) HPs)
             Began as a Deep Elf Fire Elementalist on June 7, 2022.
             Killed from afar by Natasha (7 damage)
             ... with a magic dart
             ... on level 4 of the Dungeon.
             The game lasted 00:07:09 (6308 turns).

bnorton916 the Magician (DEFE)                      Turns: 6308, Time: 00:07:10

HP:   -6/34 (36)    AC:  3    Str:  9    XL:     7   Next: 49%
MP:   14/19         EV: 12    Int: 18    God:
Gold: 170           SH:  5    Dex: 15    Spells: 13/19 levels left

rFire   . . .      SeeInvis .   i - +10 spear of Pride {vorpal, +Blink rPois Str+4 Int-4}
rCold   . . .      Faith    .   (no shield)
rNeg    . . .      Spirit   .   a - +0 robe
rPois   +          Reflect  +   (no helmet)
rElec   .          Harm     .   (no cloak)
rCorr   .          Rampage  .   k - +0 pair of gloves
Will    .....                   (no boots)
Stlth   ++........              p - amulet of reflection
HPRegen 0.11/turn               (no ring)
MPRegen 0.16/turn               (no ring)

@: about to teleport, drained
A: no striking features
a: Evoke Blink


You were on level 4 of the Dungeon.
You visited 1 branch of the dungeon, and saw 5 of its levels.
You also visited: Sewer.

You collected 170 gold pieces.

Inventory:

Hand Weapons
 i - the +10 spear of Pride (weapon) {vorpal, +Blink rPois Str+4 Int-4}
   (You found it on level 2 of the Dungeon)

   It inflicts extra damage upon your enemies.
   Str:       It affects your strength (+4).
   Int:       It affects your intelligence (-4).
   rPois:     It protects you from poison.
   +Blink:    It lets you blink.
Missiles
 d - 149 stones
 g - 3 poisoned darts
 o - 3 boomerangs
 u - 2 curare-tipped darts
Armour
 a - a +0 robe (worn)
 k - a +0 pair of gloves (worn)
Magical Staves
 e - a staff of earth
Jewellery
 p - an amulet of reflection (around neck)
Scrolls
 c - a scroll of teleportation
 j - 2 scrolls of fog
 l - a scroll of silence {unknown}
 n - a scroll of immolation {unknown}
 s - a scroll of amnesia {unknown}
 t - a scroll of identify
Potions
 b - a potion of curing
 f - a potion of berserk rage
 h - 4 potions of heal wounds
 m - a potion of cancellation
 q - 2 potions of might
 r - a potion of invisibility


   Skills:
 - Level 2.4 Dodging
 - Level 2.4 Stealth
 + Level 6.7 Spellcasting
 + Level 5.0 Conjurations
 + Level 2.2 Summonings
 + Level 6.0 Fire Magic


You had 13 spell levels left.
You knew the following spells:

 Your Spells              Type           Power      Damage    Failure   Level
a - Foxfire               Conj/Fire      100%       2x1d9     1%          1
b - Scorch                Fire           54%        2d8       1%          2
c - Conjure Flame         Conj/Fire      26%        6-21      3%          3

Your spell library contained the following spells:

 Spells                   Type           Power      Damage    Failure   Level
 Inner Flame              Hex/Fire       16%        N/A       10%         3
 Flame Wave               Conj/Fire      26%        2d7       12%         4
 Petrify                  Tmut/Erth      6%         N/A       73%         4
 Metabolic Englaciation   Hex/Ice        3%         N/A       97%         5
 Statue Form              Tmut/Erth      4%         N/A       100%        6
 Summon Cactus Giant      Summ           7%         N/A       100%        6


Dungeon Overview and Level Annotations

Branches:
Dungeon (5/15)              Sewer (visited)
 Temple: D:4-7

Altars:
Qazlal

Annotations:
D:2 1 runed translucent door, Crazy Yiuf, Terence
D:4 Edmund, Natasha


Message History

The foxfire hits the necrophage.
The necrophage is burned terribly!
The necrophage is heavily damaged.
The necrophage hits you but does no damage.
Casting: Foxfire (safe; 1% risk of failure)
Confirm with . or Enter, or press ? or * to list all spells.
You conjure some foxfire!
The necrophage barely misses you.
The necrophage is no longer more vulnerable to fire.
The foxfire hits the necrophage.
The necrophage is severely damaged.
The foxfire hits the necrophage!
The necrophage is almost destroyed.
The necrophage misses you.
Unknown command.
Casting: Foxfire (safe; 1% risk of failure)
Confirm with . or Enter, or press ? or * to list all spells.
You conjure some foxfire!
The necrophage hits you.
You feel drained.
The foxfire hits Edmund.
Edmund is lightly wounded.
The foxfire hits the necrophage.
The necrophage is almost destroyed.
The necrophage hits you.
You feel drained.
Unknown command.
There is a large open door here.
Edmund grinds his teeth, and then sighs.
Edmund says, "People will remember me!
They'll remember me and die!"
There is a large open door here.
There is a stone staircase leading up here.
Edmund hits you with a +1 vorpal flail!
* * * LOW HITPOINT WARNING * * *
x2 You climb upwards.
There is a stone staircase leading down here.
Natasha, Servant of Life and Death comes into view.
Okay, then.
As you read the scroll of teleportation, it crumbles to dust.
You feel strangely unstable. Edmund hits you with a +1 vorpal flail.
* * * LOW HITPOINT WARNING * * *
x2 Natasha hisses angrily.
Natasha stares at you and mumbles some strange words.
The magic dart hits you!
You die...

##.....####......# #########
#....### ##......# #...#....
##..)### #.......# ##...#....
#....##$S #.......# #....###'#
#.).## DZ.######### ####.###.#
#)).# .J# #....... #.).#######
#.......
#####'###..################..####
#.....'##.......@.........#..#...
#....#..'.....@..............#...
#....+..#...............#....'...
#....##'#.>.............######...
######..######.......####.......#
.............#.......'..+.......#
.............'...h...#..#.......#
#####..#######.......####....)..#
#.###..#..................####'##


You could see Edmund and Natasha.

Vanquished Creatures
  An ice beast (D:3)
  A sky beast (D:5)
  An ogre (D:5)
  2 jellies (Sewer)
  3 orc priests
  Jessica (D:3)
  Natasha (twice) (D:4)
  An orc wizard (D:4)
  8 adders
  3 river rats
  2 dart slugs
  18 orcs
  5 bats
  11 endoplasms
  5 giant cockroaches
  7 goblins
  5 hobgoblins
  5 jackals (D:4)
  4 kobolds
  4 quokkas
  11 ball pythons
  8 frilled lizards
  16 rats
124 creatures vanquished.

Vanquished Creatures (others)
  517 foxfires
517 creatures vanquished.

Grand Total: 641 creatures vanquished

Notes
Turn   | Place    | Note
-------+----------+-------------------------------------------
     0 | D:1      | bnorton916 the Deep Elf Fire Elementalist began the quest
                  | for the Orb.
     0 | D:1      | Reached XP level 1. HP: 10/10 MP: 6/6
   320 | D:1      | Reached XP level 2. HP: 15/15 MP: 5/8
   915 | D:1      | Learned a level 2 spell: Scorch
  1420 | D:1      | Reached XP level 3. HP: 19/19 MP: 7/10
  1530 | D:2      | Identified the +10 spear of Pride {vorpal, +Blink rPois
                  | Str+4 Int-4}
  2419 | D:2      | Noticed Terence
  2453 | D:2      | Learned a level 3 spell: Conjure Flame
  2852 | D:2      | Found a runed translucent door.
  2853 | D:2      | Noticed Crazy Yiuf
  2979 | D:3      | Reached XP level 4. HP: 22/24 MP: 7/12
  3182 | D:3      | Noticed an ice beast
  3189 | D:3      | Killed an ice beast
  3190 | D:3      | Reached XP level 5. HP: 7/28 MP: 9/14
  3462 | D:3      | Reached skill level 5 in Spellcasting
  3473 | D:3      | Noticed Jessica
  3478 | D:3      | Killed Jessica
  3502 | D:3      | Found a glowing drain.
  3537 | Sewer    | Entered a sewer
  3848 | Sewer    | Reached skill level 5 in Fire Magic
  4044 | Sewer    | Reached XP level 6. HP: 32/32 MP: 12/16
  4361 | Sewer    | Found a viscous altar of Jiyva.
  4705 | D:4      | Found a stormy altar of Qazlal.
  5144 | D:4      | Noticed Natasha
  5153 | D:4      | Killed Natasha
  5538 | D:4      | Reached skill level 1 in Summonings
  5614 | D:4      | Reached XP level 7. HP: 25/36 MP: 10/18
  5832 | D:4      | Noticed Natasha
  5837 | D:4      | Killed Natasha
  6078 | D:5      | Entered Level 5 of the Dungeon
  6276 | D:5      | Reached skill level 5 in Conjurations
  6277 | D:5      | Noticed Edmund
  6304 | D:4      | Noticed Natasha
  6305 | D:4      | HP: 1/34 [Edmund/+1 vorpal flail (2)]
  6308 | D:4      | Killed from afar by Natasha

Illustrated notes

Levels and vault maps discovered:
D:1:      dpeg_arrival_three_bigger_balls, layout_loops_ring, hex_tiny,
          minmay_lizard_pond
D:2:      layout_basic, uniq_crazy_yiuf_cottage, uniq_terence
D:3:      layout_rooms, serial_glass, glass_columns_b, glass_columns_b,
          portal_sewer_entry_a, corner_web_ring, uniq_jessica
D:4:      layout_gridville, nicolae_qazlal_scattered_showers,
          lightli_corner_chamber, uniq_natasha
D:5:      layout_cave_pools, minmay_temple_entry_steel_oval, serial_gnoll_camp,
          gnoll_camp_mini_basic, gnoll_camp_mini_doghouse, gnoll_camp_huts_moat,
          gnoll_camp_mini_house, ebering_ghost_inner_flame,
          kennysheep_generic_room_7, uniq_edmund, uniq_eustachio, uniq_ijyb

Skill      XL: |  1  2  3  4  5  6  7 |
---------------+----------------------+-----
Conjurations   | 2 3 4 5 |  5.0
Fire Magic     | 4 5 6 |  6.0
Spellcasting   | 4 5 6 |  6.7
Summonings     | 1 2 |  2.2
Dodging        | |  2.4
Stealth        | |  2.4

Action                   |  1- 3 |  4- 6 |  7- 9 || total
-------------------------+-------+-------+-------++-------
Melee: Spear             |     8 |     6 |     2 ||    16
 Cast: Foxfire           |   112 |   172 |    24 ||   308
       Scorch            |       |     2 |     1 ||     3
  Use: Scroll            |     5 |     5 |     1 ||    11
 Stab: Sleeping          |     1 |       |       ||     1
Armor: Robe              |     4 |     5 |     6 ||    15
Dodge: Dodged            |    10 |    20 |    18 ||    48
Block: Other             |       |    10 |     3 ||    13
